 Dungeon Crawl Stone Soup version 0.27-a0-906-g0a00ce863d (webtiles) character file.

Game seed: 15495435465297811615

2 jestyr24 the Conjurer (level 1, 0/13 HPs)
             Began as a Demonspawn Conjurer on Apr 7, 2021.
             Slain by a quokka (3 damage)
             ... on level 1 of the Dungeon.
             The game lasted 00:01:04 (146 turns).

jestyr24 the Conjurer (Demonspawn Conjurer)          Turns: 146, Time: 00:01:05

Health: 0/13       AC:  2    Str:  7    XL:     1   Next: 33%
Magic:  1/3        EV: 12    Int: 19    God:
Gold:   0          SH:  0    Dex: 11    Spells: 3/4 levels left

rFire    . . .     SeeInvis .   b - +0 whip
rCold    . . .     Faith    .   (no shield)
rNeg     . . .     Spirit   .   a - +0 robe
rPois    .         Reflect  .   (no helmet)
rElec    .         Harm     .   (no cloak)
rCorr    .         Rampage  .   (no gloves)
Will     .....                  (no boots)
Stlth    ++........             (no amulet)
HPRegen  0.04/turn              (no ring)
MPRegen  0.08/turn              (no ring)

@: no status effects
A: no striking features
a: no special abilities


You were on level 1 of the Dungeon.
You visited 1 branch of the dungeon, and saw 1 of its levels.

Inventory:

Hand Weapons
 b - a +0 whip (weapon)
Armour
 a - a +0 robe (worn)
Potions
 c - a potion of cancellation {unknown}


   Skills:
 + Level 1.7 Dodging
 + Level 1.7 Stealth
 + Level 2.0 Spellcasting
 + Level 4.1 Conjurations


You had 3 spell levels left.
You knew the following spells:

 Your Spells              Type           Power      Damage    Failure   Level
a - Magic Dart            Conj           68%        1d6       3%          1

Your spell library contained the following spells:

 Spells                   Type           Power      Damage    Failure   Level
 Searing Ray              Conj           34%        3d4       4%          2
 Dazzling Flash           Conj/Hex       18%        N/A       22%         3
 Fulminant Prism          Conj/Hex       4%         3d6       58%         4
 Iskenderun's Mystic Bla  Conj/Tloc      9%         2d4       58%         4


Dungeon Overview and Level Annotations

Branches:
Dungeon (1/15)

Altars:


Message History

The magic dart hits the quokka.
The quokka is almost dead.
The magic dart hits the quokka.
You kill the quokka!
You start resting.
Magic restored.
c - a sedimented silvery potion
Found a stone staircase leading down.
There is a stone staircase leading down here.
A frilled lizard comes into view.
The magic dart hits the frilled lizard.
You kill the frilled lizard!
You can't see any susceptible monsters within range! (Use Z to cast anyway.)
You start resting.
Magic restored.
A kobold comes into view. It is wielding a +0 short sword.
The kobold shouts!
You miscast Magic Dart.
You are very lightly contaminated with residual magic.
Nothing appears to happen.
A quokka comes into view.
The magic dart hits the kobold.
The kobold is moderately wounded.
A quokka comes into view.
The magic dart hits the kobold.
You kill the kobold!
You are too depleted to draw on your mana recklessly!
Your magical contamination has completely faded away.
The quokka twitches its whiskers.
The magic dart hits the quokka but does no damage.
You hit the quokka.
The quokka is moderately wounded.
The quokka bites you. x2
The quokka barely misses you. The quokka bites you.
* * * LOW HITPOINT WARNING * * *
The quokka closely misses you.
There is a stone staircase leading down here.
The quokka bites you.
You die...

#. #.# #.# #.# #.#.# #.#
#.#.# #.# # #.#.##### #.# #
##.#.#...## #.# #
####.>...###.#############.#
# .....†..##
##..@rr.......#†#####
######..#
##.####...........##
#...#.## #.# #.##.#.####.##
#.#...# ##.# #.##.#.# #.##
###.####### ##.##
#.##.#.####r##
..#....##.###.##
#.##.#......r.
..#.##..##...##
#.##.######.##
..#..######### #....# #.#
.###...# #.#### #.#


You could see 2 quokkas.

Vanquished Creatures
  A quokka (D:1)
  A frilled lizard (D:1)
  A kobold (D:1)
3 creatures vanquished.

Notes
Turn   | Place    | Note
-------+----------+-------------------------------------------
     0 | D:1      | jestyr24 the Demonspawn Conjurer began the quest for the
                  | Orb.
     0 | D:1      | Reached XP level 1. HP: 13/13 MP: 3/3
   146 | D:1      | Slain by a quokka

Illustrated notes

Levels and vault maps discovered:
D:1:      psy_arrival_radial01, layout_loops_ring, basic_ecumenical_altar,
          minmay_ruptured

Action                   || total
-------------------------++-------
Melee: Whip              ||     1
 Cast: Magic Dart        ||     6
Dodge: Dodged            ||     2

Table legend: (Time is in decaauts)
 A = Elapsed time spent in this place.
 B = Non-inter-level travel time spent in this place.
 C = Inter-level travel time spent in this place.
 D = Time resting spent in this place.
 E = Time spent auto-exploring this place.
 F = Levels seen in this place.
 G = Mean time per level.
                   A        B        C        D        E       F      G
               +--------+--------+--------+--------+--------+-----+--------+
         Total |    145 |    145 |      0 |     35 |     60 |   1 |  145.0 |
       Dungeon |    145 |    145 |      0 |     35 |     60 |   1 |  145.0 |
               +--------+--------+--------+--------+--------+-----+--------+

Top non-repeatable levels by time:
     D:1: 145 daAuts
